Map: Dusk Towers

Players

SoftKiss - Winner!

  • Race: Zerg Zerg
  • League: Platinum

HBomb

  • Race: Terran Terran
  • League: Platinum

VOD

Have the link to the VOD?

Description

Time

  • Played on: Dec. 31, 2015, 6:29 a.m.
  • Length: 26:57
Show
View Real Time Build Order
Export as new Build Order

SoftKiss Zerg - Winner!

Build Orders: Hatch First, Muta Ling Bane 

Get SALT Encoding   

  12  0:03  Drone  
  13  0:12  Overlord  
  13  0:18  Drone  
  14  0:32  Drone x2  
  16  0:37  Drone  
  17  0:47  Drone  
  18  1:00  Hatchery  
  17  1:11  Spawning Pool  
  17  1:15  Extractor  
  17  1:16  Drone  
  16  1:20  Drone  
  17  1:27  Drone  
  18  1:33  Drone  
  19  1:41  Drone  
  20  1:52  Drone  
  21  1:59  Extractor  
  21  2:00  Queen  
  22  2:02  Overlord  
  22  2:12  Queen  
  24  2:16  Metabolic Boost  
  24  2:21  Drone  
  25  2:26  Drone  
  25  2:29  Drone  
  27  2:33  Drone  
  27  2:36  Drone  
  29  2:47  Zergling x2  
  29  2:48  Zergling x2  
  30  3:00  Zergling x2  
  31  3:06  Zergling x2  
  31  3:08  Drone x3  
  31  3:12  Lair  
  35  3:17  Overlord  
  35  3:33  Drone  
  36  3:35  Queen  
  38  3:44  Drone x3  
  38  3:45  Drone, Extractor x2  
  40  3:48  Drone  
  40  3:53  Drone x3  
  44  4:01  Overlord x2  
  41  4:28  Spire  
  41  4:30  Drone  
  41  4:33  Drone  
  41  4:34  Drone x5  
  47  4:46  Hatchery  
  47  4:50  Drone  
  47  4:51  Drone x5  
  52  5:02  Overlord x2  
  52  5:06  Overlord  
  52  5:19  Baneling Nest  
  50  5:52  Mutalisk  
  50  5:53  Mutalisk x10  
  72  6:00  Drone  
  72  6:01  Drone x3  
  76  6:15  Evolution Chamber  
  76  6:16  Centrifical Hooks  
  75  6:19  Evolution Chamber  
  75  6:20  Drone x5  
  75  6:21  Drone x4  
  83  6:29  Drone  
  74  6:51  Spore Crawler  
  74  6:52  Spore Crawler  
  72  7:08  Spore Crawler  
  72  7:10  Spore Crawler  
  70  7:19  Queen  
  67  7:39  Zerg Ground Armor Level 1, Zerg Melee Weapons Level 1  
  67  7:44  Drone  
  67  7:45  Drone x8, Overlord x3  
  76  8:06  Infestation Pit  
  76  8:07  Hatchery  
  76  8:08  Drone  
  76  8:09  Drone x7  
  76  8:29  Drone x10  
  86  8:42  Spore Crawler  
  85  8:50  Zerg Flyer Weapons Level 1  
  85  8:53  Hive  
  85  9:05  Spine Crawler  
  85  9:06  Spine Crawler  
  85  9:08  Spine Crawler  
  82  9:10  Spine Crawler x2  
  82  9:11  Hatchery  
  77  9:43  Extractor  
  77  9:44  Extractor  
  75  9:47  Spore Crawler  
  75  9:48  Zergling x20  
  75  9:49  Spine Crawler, Zergling x22  
  75  9:50  Spore Crawler  
  93  10:02  Queen  
  95  10:17  Ultralisk Cavern  
  94  10:36  Baneling  
  94  10:37  Baneling x16  
  94  10:38  Baneling x2  
  94  10:39  Baneling x3  
  94  10:53  Zerg Ground Armor Level 2, Zerg Melee Weapons Level 2  
  94  10:58  Greater Spire  
  94  11:05  Overlord x5  
  94  11:28  Ultralisk  
  94  11:29  Ultralisk x6  
  94  11:30  Zergling x16  
  144  11:35  Drone  
  144  11:36  Drone x2, Extractor  
  144  11:37  Extractor  
  145  11:54  Chitinous Plating  
  145  11:56  Zergling x24  
  157  12:02  Overseer  
  157  12:03  Overseer  
  157  12:12  Spine Crawler  
  157  12:13  Spine Crawler  
  155  12:22  Ultralisk  
  161  12:24  Baneling  
  161  12:25  Baneling x6  
  161  12:36  Zergling x2  
  162  12:37  Zergling x8  
  162  12:38  Overlord x3  
  162  12:39  Overlord  
  166  12:50  Overlord  
  166  12:51  Overlord  
  166  12:57  Overlord  
  166  13:13  Ultralisk  
  166  13:14  Zergling x2  
  166  13:15  Zergling x2  
  166  13:18  Spine Crawler  
  173  13:20  Spore Crawler x2, Spine Crawler x3  
  173  13:22  Overseer  
  115  13:45  Zergling x2  
  115  13:46  Zergling x30  
  106  14:11  Corruptor x4  
  113  14:27  Baneling  
  113  14:29  Corruptor  
  113  14:30  Corruptor x2  
  119  14:31  Overseer  
  119  14:55  Drone  
  119  14:56  Drone x14  
  134  15:04  Baneling x3  
  134  15:05  Baneling x5  
  134  15:11  Overseer  
  134  15:14  Corruptor  
  136  15:35  Corruptor x4  
  140  15:37  Zergling x2  
  140  15:38  Zergling x10  
  150  15:55  Zerg Melee Weapons Level 3  
  150  15:58  Zerg Flyer Weapons Level 2  
  150  16:02  Spore Crawler, Spine Crawler  
  148  16:04  Spore Crawler  
  148  16:05  Spine Crawler  
  146  16:21  Zergling x2  
  146  16:22  Ultralisk  
  146  16:23  Ultralisk, Zergling x10  
  146  16:24  Zergling x2  
  165  16:43  Extractor  
  165  16:44  Extractor  
  163  16:57  Zerg Ground Armor Level 3  
  163  17:14  Hatchery  
  158  17:29  Hatchery  
  75  17:52  Zergling x2  
  75  17:53  Zergling x46  
  75  17:54  Zergling x32  
  113  18:11  Zergling x2  
  113  18:12  Zergling x24  
  126  18:30  Baneling  
  126  18:31  Baneling x17  
  126  18:41  Overseer  
  126  18:57  Extractor  
  126  19:01  Extractor  
  124  19:03  Zergling x2  
  124  19:04  Zergling x52  
  124  19:05  Zergling x14  
  124  19:09  Baneling x4  
  158  19:10  Baneling x6  
  81  20:06  Zergling x2  
  81  20:07  Zergling x54  
  87  20:10  Baneling x12  
  87  20:11  Baneling x8  
  109  20:26  Drone x7  
  109  20:27  Drone x4  
  120  20:30  Baneling  
  120  20:31  Baneling x6  
  120  20:53  Zergling x16  
  120  20:54  Zergling x24  
  140  21:00  Extractor  
  123  21:44  Drone  
  123  21:45  Drone x6, Overlord x3  
  123  21:47  Zergling x32  
  129  21:48  Zergling x14  
  151  22:04  Corruptor x2  
  151  22:11  Baneling x2  
  151  22:12  Baneling x10  
  151  22:13  Brood Lord x2  
  151  22:14  Brood Lord x2  
  160  22:29  Corruptor x2  
  137  22:34  Corruptor x3  
  143  23:00  Zergling x14  
  143  23:01  Zergling x40  
  170  23:22  Corruptor x3  
  170  23:23  Corruptor  
  178  23:32  Corruptor x3  
  179  23:37  Drone x8  
  187  23:49  Queen  
  187  23:51  Spine Crawler  
  187  23:52  Spore Crawler  
  140  24:24  Corruptor  
  140  24:25  Corruptor x7  
  146  24:35  Zergling x16  
  154  24:42  Zergling x2  
  154  24:43  Zergling x10  
  144  25:01  Zergling x12  
  146  25:19  Brood Lord x6  
  150  25:36  Corruptor  
  150  25:37  Corruptor x2  
  154  25:55  Zergling x2  
  154  25:56  Zergling x42  
  170  26:03  Zergling x4  
  172  26:06  Queen x3  
  177  26:25  Zergling x6  
  177  26:26  Zergling x8  
Show
View Real Time Build Order
Export as new Build Order

HBomb Terran 

Build Orders: MMM Bio 

Get SALT Encoding   

  12  0:01  SCV  
  13  0:13  SCV  
  14  0:18  Supply Depot  
  14  0:25  SCV  
  15  0:40  SCV  
  15  0:41  Barracks  
  16  0:44  Refinery  
  16  0:52  SCV  
  17  1:04  SCV  
  18  1:16  SCV  
  19  1:28  SCV  
  19  1:30  Supply Depot  
  20  1:33  Reaper  
  21  1:41  Orbital Command  
  21  1:53  Command Center  
  21  1:58  Refinery  
  21  2:11  SCV  
  22  2:17  Factory  
  22  2:23  SCV  
  22  2:25  Barracks Reactor  
  23  2:35  SCV  
  24  2:39  Supply Depot  
  24  2:50  SCV  
  25  3:02  SCV  
  25  3:03  Widow Mine  
  28  3:06  Starport, Marine  
  28  3:07  Marine  
  28  3:11  Orbital Command  
  30  3:14  SCV  
  31  3:24  Marine x2  
  31  3:26  SCV  
  34  3:38  SCV  
  35  3:41  Factory Tech Lab  
  35  3:42  Marine x2  
  37  3:50  SCV x2  
  37  3:53  Fusion Core  
  39  4:00  Marine x2  
  41  4:02  Barracks  
  41  4:03  SCV  
  41  4:04  Liberator  
  41  4:09  SCV  
  43  4:15  SCV  
  43  4:18  Marine x2  
  48  4:25  SCV  
  48  4:27  SCV  
  48  4:28  Engineering Bay  
  50  4:35  Marine  
  50  4:36  Marine  
  50  4:37  SCV  
  53  4:42  SCV  
  54  4:50  Supply Depot  
  54  4:51  Advanced Ballistics  
  54  4:53  Barracks Tech Lab  
  54  4:58  Liberator  
  54  5:03  Command Center, Supply Depot  
  54  5:06  Missile Turret  
  54  5:08  Missile Turret  
  54  5:10  Missile Turret  
  54  5:11  Widow Mine  
  54  5:12  SCV x2, Marine  
  59  5:18  Stimpack  
  59  5:20  Supply Depot  
  62  5:24  SCV x2, Marine  
  62  5:25  Marine  
  66  5:30  Marine  
  67  5:36  SCV x2  
  69  5:47  Liberator  
  69  5:48  SCV, Missile Turret  
  70  5:52  SCV  
  70  5:55  Supply Depot  
  70  5:56  Factory Tech Lab  
  71  5:59  Marine  
  71  6:00  SCV  
  71  6:01  Barracks  
  73  6:04  SCV  
  73  6:08  Supply Depot  
  73  6:11  Marine  
  78  6:12  Missile Turret  
  78  6:14  Marine  
  78  6:15  Terran Infantry Weapons Level 1, SCV  
  78  6:16  SCV  
  81  6:19  Supply Depot  
  81  6:20  Supply Depot, Orbital Command  
  81  6:27  SCV  
  81  6:29  Marauder, Marine  
  85  6:38  Supply Depot  
  85  6:45  Supply Depot  
  85  6:48  Armory  
  85  6:58  Barracks Reactor, Marine x2  
  84  7:01  Missile Turret  
  84  7:03  Missile Turret  
  84  7:12  Marine  
  85  7:15  Marine  
  85  7:16  Marine  
  85  7:18  Missile Turret  
  85  7:20  Refinery  
  84  7:30  Marauder  
  84  7:33  Marine x2  
  84  7:36  Marine  
  89  7:43  SCV  
  90  7:44  Factory  
  90  7:45  SCV, Siege Tank  
  90  7:48  Starport Tech Lab  
  90  7:51  SCV, Missile Turret, Marine  
  95  7:52  Marauder  
  95  7:55  SCV  
  99  7:58  Barracks  
  99  8:09  SCV  
  99  8:11  Supply Depot, Terran Infantry Weapons Level 2  
  100  8:15  Engineering Bay  
  95  8:39  Orbital Command  
  95  8:42  Factory, Marine x3  
  95  8:43  Marine x2  
  95  8:47  Starport Reactor  
  100  8:52  SCV x2, Missile Turret  
  100  8:53  Missile Turret  
  103  8:56  Missile Turret  
  103  8:57  Missile Turret  
  103  9:00  Marine  
  103  9:01  Marauder  
  105  9:03  Barracks Reactor  
  105  9:08  Supply Depot, Marine  
  105  9:09  Refinery, Marine  
  106  9:10  Barracks  
  106  9:22  Marine x2  
  108  9:32  Refinery  
  108  9:35  Marine  
  108  9:36  Refinery  
  109  9:53  Marine x4  
  109  9:55  Marine x2  
  109  9:57  Medivac x2  
  119  10:00  Barracks Reactor  
  119  10:08  SCV x2  
  119  10:09  Marine  
  119  10:10  Marine  
  119  10:11  Marine  
  119  10:13  Marine  
  119  10:14  Marine  
  126  10:21  SCV x2  
  126  10:23  Missile Turret  
  126  10:25  Marine x2  
  126  10:26  Marine  
  126  10:27  Medivac x2  
  135  10:29  Combat Shields  
  135  10:30  Command Center  
  134  10:37  Barracks  
  134  10:38  Barracks  
  134  10:39  Marine x2  
  134  10:41  Barracks  
  134  10:42  Thor  
  142  10:45  Thor  
  148  10:50  Marine x2  
  148  10:51  Marine x2  
  148  10:52  Marine  
  148  10:55  SCV x2  
  148  10:56  SCV  
  156  11:01  Marine  
  157  11:09  Supply Depot  
  157  11:10  Supply Depot  
  157  11:13  Supply Depot  
  157  11:14  Liberator  
  157  11:15  Supply Depot  
  157  11:23  Supply Depot  
  157  11:25  SCV, Terran Infantry Weapons Level 3  
  157  11:28  Terran Infantry Armor Level 1  
  157  11:31  SCV, Marauder, Marine x5  
  157  11:32  SCV, Terran Vehicle Weapons Level 1  
  169  11:33  Marine  
  169  11:34  Marine  
  169  11:38  Siege Tank  
  174  11:40  SCV  
  174  11:41  Marine  
  174  11:44  SCV  
  174  11:45  Liberator  
  177  11:49  Marine x5  
  177  11:53  Marauder  
  184  11:57  Liberator  
  184  11:58  Marine x2  
  184  11:59  Marine  
  190  12:14  Marauder  
  195  12:15  Marine  
  195  12:18  Missile Turret  
  195  12:20  Missile Turret  
  195  12:21  Missile Turret, Marine x2  
  198  12:23  Marine  
  198  12:29  Planetary Fortress  
  199  12:30  Missile Turret  
  199  12:32  SCV  
  200  13:04  Barracks Reactor  
  200  13:07  Barracks Reactor x3  
  200  13:08  Command Center  
  200  13:09  Command Center  
  188  13:40  Marine x2  
  188  13:41  Marauder  
  146  13:44  Marine x3  
  146  13:45  Marine x2  
  105  13:50  Marine x4  
  105  13:51  Marine x2  
  105  13:52  Marine  
  99  13:56  Liberator x2  
  99  13:58  Marine x2  
  99  14:02  Marauder, Marine x4  
  99  14:03  Marine  
  99  14:07  Marine  
  99  14:08  Marine x2  
  105  14:11  Marine  
  105  14:12  Marine  
  113  14:23  Marauder  
  115  14:26  Starport  
  115  14:30  Marine  
  116  14:35  Missile Turret  
  116  14:38  Siege Tank  
  119  14:39  Liberator x2  
  119  14:45  Marauder  
  121  14:58  Planetary Fortress  
  127  15:06  Marine, Marauder  
  127  15:07  Marine x4  
  134  15:25  Marine  
  134  15:28  Marine x4, Marauder  
  137  15:33  Marine  
  137  15:35  Siege Tank x2  
  148  15:37  Terran Infantry Armor Level 2  
  148  15:39  Terran Vehicle And Ship Armor Level 1  
  148  15:40  SCV  
  149  15:49  Marauder, Liberator x2  
  151  15:51  Marine x3  
  151  15:52  Marine x4  
  151  15:53  Liberator  
  151  15:55  Orbital Command  
  158  16:03  Orbital Command  
  158  16:04  Marine x4  
  158  16:10  Marauder  
  173  16:21  Marine  
  173  16:23  Liberator  
  174  16:26  Marine  
  174  16:27  Marine x2  
  174  16:31  Liberator  
  174  16:32  Marauder  
  179  16:36  Marine x2  
  181  16:44  Orbital Command  
  181  16:45  Siege Tank  
  187  16:51  Refinery x2  
  187  16:53  Marine, Marauder  
  193  16:55  Missile Turret  
  193  17:05  Command Center  
  193  17:14  Marauder  
  195  17:17  Marine  
  193  17:22  Missile Turret  
  193  17:23  Liberator x2  
  193  17:24  Missile Turret, Liberator  
  137  17:32  Marine x2  
  137  17:33  Marine  
  137  17:34  Terran Ship Weapons Level 1  
  137  17:35  Marine  
  137  17:36  Marauder  
  103  17:39  Marine  
  110  17:45  Marine x6  
  110  17:46  Marine x3  
  110  17:50  Marine x2  
  103  17:51  Marine  
  103  17:53  Marine  
  103  17:57  Marauder, Marine  
  105  18:03  Marine x2  
  107  18:10  Marine  
  107  18:11  Marine x2  
  107  18:12  Marine x5  
  115  18:19  Marauder  
  117  18:21  Command Center  
  117  18:23  Refinery, Marine  
  117  18:24  Refinery  
  118  18:37  Marine x2  
  118  18:38  Marine  
  118  18:40  Marauder  
  123  18:42  Ghost Academy  
  123  18:48  Liberator  
  123  18:50  Marine  
  123  18:51  Marine x3  
  127  19:00  Barracks  
  127  19:01  Marauder  
  127  19:02  Siege Tank  
  132  19:03  Siege Tank, Barracks  
  132  19:04  Siege Tank  
  141  19:13  Marine x2  
  143  19:18  Marine  
  143  19:23  Marauder  
  146  19:30  Personal Cloaking  
  146  19:31  Terran Ship Weapons Level 2  
  146  19:33  Terran Infantry Armor Level 3, Marine  
  146  19:36  Missile Turret x2  
  146  19:37  Planetary Fortress  
  139  19:44  Marauder  
  96  19:48  Marine x3  
  81  19:59  Marine x2  
  169  20:00  Liberator x2  
  75  20:01  Marine, Liberator  
  75  20:03  Marine x2  
  75  20:05  Marine x2  
  75  20:06  Marauder  
  82  20:07  Barracks Tech Lab  
  82  20:14  Barracks Tech Lab  
  91  20:27  Marauder  
  93  20:33  Missile Turret  
  93  20:42  Planetary Fortress, Liberator  
  93  20:43  Liberator x2  
  93  20:48  Marauder  
  93  20:49  SCV x4  
  100  20:50  Marine  
  100  20:51  Marauder  
  100  20:55  Liberator, Marine, Orbital Command  
  100  20:56  Marauder  
  114  21:08  Marine  
  114  21:10  Marauder  
  117  21:11  Ghost  
  117  21:17  Marauder  
  124  21:22  Marine x2  
  126  21:26  Marine  
  126  21:31  Marauder  
  126  21:39  Marauder  
  108  21:40  Marauder  
  108  21:45  Marine  
  111  21:47  Marine  
  111  21:50  Marine  
  111  21:52  Marauder, Marine x2  
  117  22:00  Marauder  
  119  22:02  Marauder  
  121  22:14  Marauder  
  123  22:17  Liberator  
  123  22:21  Marauder  
  122  22:26  Marine x2  
  122  22:27  Marauder  
  122  22:29  Marine x2  
  105  22:33  Viking  
  105  22:35  Marauder  
  114  22:43  Marauder  
  113  23:00  Marine x2  
  113  23:01  Marauder x2  
  113  23:02  Marine  
  113  23:04  Marauder  
  122  23:15  Command Center  
  122  23:19  Orbital Command  
  122  23:22  Marine  
  122  23:23  Marauder  
  117  23:34  Marine  
  117  23:35  Marauder  
  117  23:40  Marine  
  117  23:41  Marauder  
  123  23:43  Marine x2  
  123  23:45  Marine  
  126  23:59  Siege Tank  
  64  24:58  Marine  
  64  24:59  Marauder  
  60  25:12  Marine  
  58  25:23  Marauder x3, Marine x3  
  58  25:24  Marine x2  
  63  25:45  Marauder  
  56  25:58  Viking x3  
  60  26:12  Marine  
  60  26:13  Orbital Command  
  48  26:28  Marauder, Marine  
  42  26:37  Marine x2  
  42  26:39  Marine x3  
Tags
 
Add a new tag
Caveats
  • Supply blocks, unpowered buildings, or Contaminate may cause inaccurate times.
  • Supply counts are checked every 10 seconds.